AoeStats
← rcknr

Four Lakes

508519519Analyzed
1v1 RM · 9d ago on Sep 22, 2026· 35m 21s· 2 players
Game mode
Random Map
Map size
Tiny (2 player)
Population
200
Speed
Normal
Resources
Standard
Victory
Conquest
Starting age
Dark Age
Ending age
Imperial Age
RankedLock teamsTeams togetherTeam positionsShared explorationLock speedFull tech treeHidden civsTurbo modeCheats
Victory
Defeat
🇩🇪 Ethiopians · Germany
920
+17
🇹🇷 Berbers · Türkiye
932
-17
rcknr
6:43 Loom
9:41 Feudal Age
11:06 Double-Bit Axe
14:21 Horse Collar
19:26 Castle Age
17:20 Fletching
18:30 Padded Archer Armor
20:59 Crossbowman
21:43 Bodkin Arrow
22:26 Wheelbarrow
24:08 Leather Archer Armor
24:26 Thumb Ring
25:41 Bow Saw
32:54 Imperial Age
31:49 Hand Cart
31:44 Scale Mail Armor
31:55 Town Watch
32:17 Squires
34:45 Bracer
34:08 Arbalester
YASİN ENDER
5:21 Loom
13:48 Feudal Age
16:52 Fishing Lines
17:15 Double-Bit Axe
20:50 Castle Age
20:02 Forging
21:37 Horse Collar
22:00 Gillnets
24:51 Wheelbarrow
25:00 Padded Archer Armor
24:51 Fletching
25:51 Stone Mining
26:41 Husbandry
33:05 Ballistics
34:25 Leather Archer Armor
37:26 Imperial Age
Connection lost

Rejoining the realm…

Still unreachable

The connection could not be restored.

Session expired

The server has moved on; the page needs a fresh start.